 Dungeon Crawl Stone Soup version 0.31-a0-636-ge1c0e020e0 (webtiles) character file.

Game seed: 5627120364579916820

51 beryleye the Trooper (level 3, -3/37 HPs)
             Began as a Troll Berserker on Aug 26, 2023.
             Was a Believer of Trog.
             Slain by a gnoll
             ... wielding a +0 spear
              (7 damage)
             ... on level 3 of the Dungeon.
             The game lasted 00:07:45 (1401 turns).

beryleye the Trooper (Troll Berserker)              Turns: 1401, Time: 00:07:46

Health: -3/37      AC:  4    Str: 27    XL:     3   Next: 58%
Magic:  2/2        EV: 10    Int:  3    God:    Trog [**....]
Gold:   39         SH:  0    Dex:  9    Spells: 2/2 levels left

rFire   . . .        a - +0 falchion
rCold   + . .        (no shield)
rNeg    . . .        b - +0 animal skin
rPois   .            (helmet restricted)
rElec   .            (no cloak)
rCorr   .            (gloves unavailable)
SInv    .            (boots unavailable)
Will    .....        (no amulet)
Stlth   +            i - ring of protection from cold
HPRegen 1.06/turn    (no ring)
MPRegen 0.08/turn

%: no passive effects
@: no status effects
A: large, unfitting armour, claws 3, regeneration 1, shaggy fur 1, tough skin 1
a: Renounce Religion, Berserk, Trog's Hand


You were on level 3 of the Dungeon.
You worshipped Trog.
Trog was pleased with you.
You visited 1 branch of the dungeon, and saw 3 of its levels.

You collected 39 gold pieces.

Inventory:

Hand Weapons
 a - a +0 falchion (weapon)
 f - a +0 whip
 k - a +0 dagger of holy wrath
Missiles
 c - 18 stones (quivered)
 d - 3 large rocks
Armour
 b - a +0 animal skin (worn)
Jewellery
 i - a ring of protection from cold (left claw)
Talismans
 n - a beast talisman
Scrolls
 e - 4 scrolls of identify {unknown}
 g - 3 scrolls of summoning {unknown}
 j - a scroll of enchant armour {unknown}
 m - a scroll of blinking {unknown}
 o - a scroll of vulnerability {unknown}
Potions
 h - a potion of heal wounds {unknown}
 l - 2 potions of haste {unknown}


   Skills:
 + Level 3.0 Fighting
 + Level 2.9 Long Blades
 + Level 3.0 Dodging


You had 2 spell levels left.
You didn't know any spells.
Your spell library was empty.

Dungeon Overview and Level Annotations

Branches:
Dungeon (3/15)

Altars:
Cheibriados


Innate Abilities, Weirdness & Mutations

You are too large for most types of armour.
You have claws for hands.
Your natural rate of healing is unusually fast.
You are covered in fur. (AC +1)
You have tough skin. (AC +1)


Message History

Found a stone staircase leading up.
You now have 39 gold pieces (gained 13).
Done exploring.
Done exploring.
There is a stone staircase leading down here.
You climb downwards.
You hear the sound of rushing water.
There is an entrance to a sewer on this level.
Hurry and find it before the portal rusts away!
The gnoll shouts! x2; You hear a shout! x2
There is a stone staircase leading up here.
There are monsters nearby!
A gnoll comes into view. It is wielding a +0 flail.
The gnoll shouts!
A goblin comes into view. It is wielding a +0 club.
An orc comes into view. It is wielding a +0 short sword.
The gnoll barely misses you. x2
You hit the gnoll.
The gnoll is moderately wounded.
The gnoll hits you from afar with a +0 spear.
You closely miss the gnoll.
The gnoll hits you from afar with a +0 spear.
You hit the gnoll but do no damage. The gnoll hits you with a +0 spear!
The gnoll hits you from afar with a +0 spear.
The gnoll hits you with a +0 flail.
You hit the gnoll.
The gnoll is heavily wounded.
The gnoll hits you with a +0 flail.
The gnoll hits you from afar with a +0 spear.
* * * LOW HITPOINT WARNING * * *
The gnoll hits you with a +0 spear!
* * * LOW HITPOINT WARNING * * *
You hit the gnoll.
The gnoll is almost dead.
The gnoll barely misses you. The gnoll hits you but does no damage.
The gnoll misses you. The goblin hits you with a +0 club.
* * * LOW HITPOINT WARNING * * *
You hit the gnoll but do no damage.
The gnoll is almost dead.
The gnoll misses you. The gnoll hits you with a +0 spear!
You die...

#####
#.#<#
#.#.# #
#.g.#.#
#.g@g.#
#.#.#o#
...#g#...
###....
#..#
....##
....
##### .#.


You could see 3 gnolls, an orc and a goblin.

Vanquished Creatures
  An adder (D:2)
  A worm (D:2)
  A dart slug (D:2)
  4 bats
  7 endoplasms
  2 goblins (D:2)
  4 hobgoblins
  2 jackals (D:2)
  2 quokkas
  3 ball pythons (D:1)
  5 frilled lizards
  A kobold (D:2)
  2 rats (D:2)
35 creatures vanquished.

Notes
Turn   | Place    | Note
-------+----------+-------------------------------------------
     0 | D:1      | beryleye the Troll Berserker began the quest for the Orb.
     0 | D:1      | Reached XP level 1. HP: 22/22 MP: 0/0
   526 | D:1      | Reached XP level 2. HP: 29/29 MP: 1/1
   997 | D:2      | Reached XP level 3. HP: 18/36 MP: 2/2
  1021 | D:2      | Found a snail-covered altar of Cheibriados.
  1035 | D:2      | Reached ** piety under Trog
  1401 | D:3      | Slain by a gnoll

Illustrated notes

Levels and vault maps discovered:
D:1:      dpeg_arrival_castle, layout_loops_corners, minmay_close_crescents
D:2:      layout_rooms, basic_altar
D:3:      layout_basic, portal_sewer_entry_d, patterned_corridor,
          uniq_crazy_yiuf_cottage, uniq_robin

Skill      XL: |  1  2  3 |
---------------+----------+-----
Fighting       | 3 |  3.0
Dodging        | 3 |  3.0
Long Blades    | |  2.9

Action                     || total
---------------------------++-------
  Melee: Falchion          ||   166
   Stab: Sleeping          ||     1
 Armour: Animal skin       ||    66
  Dodge: Dodged            ||   118

Table legend: (Time is in decaauts)
 A = Elapsed time spent in this place.
 B = Non-inter-level travel time spent in this place.
 C = Inter-level travel time spent in this place.
 D = Time resting spent in this place.
 E = Time spent auto-exploring this place.
 F = Levels seen in this place.
 G = Mean time per level.
                   A        B        C        D        E       F      G
               +--------+--------+--------+--------+--------+-----+--------+
         Total |   1427 |   1205 |    222 |      0 |    807 |   3 |  475.7 |
       Dungeon |   1427 |   1205 |    222 |      0 |    807 |   3 |  475.7 |
               +--------+--------+--------+--------+--------+-----+--------+

Top non-repeatable levels by time:
     D:1: 943 daAuts
     D:2: 474 daAuts
     D:3: 9 daAuts
